 Dungeon Crawl Stone Soup version 0.30.0-29-ga12c61a403 (webtiles) character file.

Game seed: 3410174252276889196

598 H0rd4k the Charlatan (level 7, 0/51 HPs)
             Began as a Human Artificer on June 14, 2023.
             Slain by a kobold brigand
             ... wielding a +0 whip
              (6 damage)
             ... in a sewer.
             The game lasted 00:07:15 (4040 turns).

H0rd4k the Charlatan (Human Artificer)              Turns: 4040, Time: 00:07:15

Health: 0/51       AC:  4    Str: 18    XL:     7   Next: 68%
Magic:  8/9        EV: 12    Int: 13    God:
Gold:   283        SH:  0    Dex: 14    Spells: 8/8 levels left

rFire   + + +        E - +0 mace
rCold   + . .        (no shield)
rNeg    . . .        b - +0 leather armour
rPois   +            (no helmet)
rElec   +            B - scarf of the Onion {harm, Rampage rF+ rCorr}
rCorr   +            (no gloves)
SInv    .            z - +0 pair of boots
Will    .....        (no amulet)
Stlth   +            p - +6 ring of strength
HPRegen 0.28/turn    A - ring of protection from fire
MPRegen 0.11/turn

%: harm (+30% outgoing, +20% incoming), rampage
@: mighty, resistant, hasted and slowed, invisible, very slow
A: no striking features
a: no special abilities


You were in a sewer.
You visited 2 branches of the dungeon, and saw 6 of its levels.
You also visited: Sewer.

You collected 283 gold pieces.

Inventory:

Hand Weapons
 E - a +0 mace (weapon)
Missiles
 x - 24 poisoned darts
Armour
 b - a +0 leather armour (worn)
 r - a scarf of invisibility
 z - a +0 pair of boots (worn)
 B - the scarf of the Onion (worn) {harm, Rampage rF+ rCorr}
   (You found it on level 4 of the Dungeon)

   rF:        It protects you from fire.
   rCorr:     It protects you from acid and corrosion.
   Rampage:   It bestows one free step when moving towards enemies.
 D - a +0 helmet
Magical Staves
 y - a staff of earth
Jewellery
 a - an amulet of the acrobat
 p - a +6 ring of strength (left hand)
 A - a ring of protection from fire (right hand)
Scrolls
 f - 7 scrolls of identify {unknown}
 g - a scroll of silence {unknown}
 j - a scroll of acquirement {unknown}
 k - a scroll of vulnerability {unknown}
 l - a scroll of poison {unknown}
 n - 2 scrolls of amnesia {unknown}
 o - a scroll of enchant armour {unknown}
 s - a scroll of torment {unknown}
 t - 2 scrolls of teleportation {unknown}
 u - 4 scrolls of noise {unknown}
 v - 2 scrolls of immolation
 C - 2 scrolls of enchant weapon {unknown}
 G - a scroll of blinking {unknown}
Potions
 h - 2 potions of attraction
 i - a potion of haste
 w - a potion of heal wounds {unknown}
 F - a potion of flight {unknown}


   Skills:
 + Level 2.9 Fighting
 + Level 3.8 Maces & Flails
 - Level 2.0 Armour
 + Level 3.4 Dodging
 + Level 2.1 Stealth
 * Level 1.4 Spellcasting
 + Level 4.8 Evocations


You had 8 spell levels left.
You didn't know any spells.
Your spell library contained the following spells:

 Spells                   Type           Power      Damage    Failure   Level
 Kiss of Death            Conj/Necr      0%         2d5       32%         1
 Sublimation of Blood     Necr           0%         N/A       43%         2
 Wereblood                Tmut           0%         N/A       43%         2
 Confusing Touch          Hex            0%         N/A       67%         3
 Dispel Undead            Necr           0%         3d6       97%         4
 Summon Hydra             Summ           0%         N/A       100%        7


Dungeon Overview and Level Annotations

Branches:
Dungeon (5/15)             Temple (1/1) D:4           Sewer (1/1)

Altars:
Elyvilon
Hepliaklqana
Nemelex Xobeh
Okawaru
Qazlal
Ru
Xom

Shops:
D:3 !

Annotations:
D:4 1 runed translucent door, exclusion: door, purpleHaze's ghost, novice HuHu


Message History

The kobold brigand splashes around in the water.
The kobold brigand hits you with a +0 dagger.
It was a potion of invisibility.
You fade into invisibility!
The kobold brigand throws a curare-tipped dart.
The curare-tipped dart hits the kobold brigand.
The kobold brigand is poisoned.
The kobold brigand convulses.
The kobold brigand seems to slow down.
The kobold brigand barely misses you.
Really attack while wielding nothing? [Y]es or [N]o only, please.
Really attack while wielding nothing? [Y]es or [N]o only, please.
Really attack while wielding nothing? [Y]es or [N]o only, please.
Really attack while wielding nothing? [Y]es or [N]o only, please.
Really attack while wielding nothing?
Okay, then.
Really attack while wielding nothing?
Okay, then.
E - a +0 mace (weapon)
Your unstable footing causes you to fumble your attack.
The kobold brigand hits you with a +0 dagger.
You hit the kobold brigand.
You kill the kobold brigand!
You hear a splash. x3
Your unstable footing causes you to fumble your attack.
The kobold brigand hits you with a +0 whip.
* * * LOW HITPOINT WARNING * * *
Your unstable footing causes you to fumble your attack.
The kobold brigand completely misses you.
You aren't carrying any items that you can evoke.
It was a potion of resistance.
You feel protected.
The kobold brigand hits you with a +0 whip!
* * * LOW HITPOINT WARNING * * *
It was a potion of might.
You feel very mighty all of a sudden.
The kobold brigand hits you with a +0 whip.
You die...

≈≈≈~~~~.~.## ≈≈..~.~~..
....~~.P #...... ..P.~ ...
#~# ≈≈≈≈≈≈≈# #K# ≈≈≈≈≈≈≈# #@#
≈≈≈≈≈≈≈# #~# ≈≈≈≈≈≈≈#
#≈≈≈≈≈#~#≈≈≈≈≈≈≈≈
≈≈≈≈≈≈≈#≈#≈≈≈≈≈#~#≈≈≈≈≈≈≈≈
≈≈≈≈≈≈≈#≈#≈≈≈≈≈#~#≈≈≈≈≈≈≈≈≈
~.~.≈≈≈#≈#≈≈≈≈≈#~#≈≈≈≈≈≈≈≈≈≈
.~~~~~~#P#≈≈≈≈≈#~#≈≈≈≈≈≈≈≈≈≈≈
..~.~...~P..~≈≈#~#≈≈≈≈≈≈≈≈≈≈≈
###~~..~P...~.~#~#~~~≈≈≈≈≈≈≈≈


You could see a kobold brigand.

Vanquished Creatures
  A water moccasin (D:4)
  4 kobold brigands (Sewer)
  A sleepcap (D:4)
  An orc wizard (D:2)
  Robin (D:4)
  4 adders
  2 river rats (Sewer)
  4 dart slugs
  2 orcs (D:2)
  5 bats
  2 endoplasms
  A giant cockroach (D:3)
  14 goblins
  6 hobgoblins
  A jackal (Sewer)
  16 kobolds
  2 quokkas (D:2)
  9 ball pythons
  4 frilled lizards
  7 rats
87 creatures vanquished.

Vanquished Creatures (collateral kills)
  A river rat (Sewer)
  2 orcs (D:2)
  An endoplasm (D:4)
  5 goblins (D:4)
  A hobgoblin (D:2)
  A kobold (D:4)
11 creatures vanquished.

Vanquished Creatures (others)
  2 hounds (D:4)
  An endoplasm (D:4)
3 creatures vanquished.

Grand Total: 101 creatures vanquished

Notes
Turn   | Place    | Note
-------+----------+-------------------------------------------
     0 | D:1      | H0rd4k the Human Artificer began the quest for the Orb.
     0 | D:1      | Reached XP level 1. HP: 15/15 MP: 1/1
   132 | D:1      | Reached XP level 2. HP: 19/21 MP: 2/2
   634 | D:1      | Reached XP level 3. HP: 22/26 MP: 3/3
  1147 | D:2      | Reached skill level 1 in Maces & Flails
  1179 | D:2      | Reached XP level 4. HP: 25/32 MP: 4/4
  1539 | D:3      | Found a faded altar of an unknown god.
  1908 | D:4      | Found a runed translucent door.
  1908 | D:4      | Noticed purpleHaze's ghost (novice HuHu)
  1918 | D:4      | Noticed Robin
  1919 | D:4      | Reached XP level 5. HP: 29/38 MP: 5/5
  1941 | D:4      | Reached skill level 4 in Evocations
  1989 | D:4      | Killed Robin
  1991 | D:4      | Noticed a water moccasin
  1995 | D:4      | Identified the scarf of the Onion {harm, Rampage rF+ rCorr}
  2108 | D:4      | Found a staircase to the Ecumenical Temple.
  2121 | Temple   | Entered the Ecumenical Temple
  2317 | D:3      | Found Ebroov's Distillery.
  2747 | D:4      | Reached XP level 6. HP: 41/44 MP: 6/6
  2910 | D:4      | Killed a water moccasin
  3110 | D:5      | Entered Level 5 of the Dungeon
  3117 | D:5      | Found a glowing drain.
  3126 | Sewer    | Entered a sewer
  3247 | Sewer    | Reached XP level 7. HP: 16/51 MP: 7/7
  3816 | Sewer    | Reached skill level 1 in Spellcasting
  4040 | Sewer    | Slain by a kobold brigand

Illustrated notes

Levels and vault maps discovered:
D:1:      psy_arrival_statuary, layout_basic
D:2:      layout_loops_ring, kennysheep_generic_room_5
D:3:      layout_loops_cross, serial_shops, shop,
          chequers_ecumenical_altar_simple
D:4:      layout_cave_pools, temple_green, ebering_ghost_inner_flame,
          kennysheep_boxes, uniq_robin
D:5:      layout_layer_cave, mainiacjoe_overflow_boulevard,
          mainiacjoe_overflow_tiny_flanked, gammafunk_temple_overflow_statue,
          cheibrodos_sewer_entry_drain, nicolae_shop_i_like_small_books_too,
          uniq_edmund
Temple:   hellmonk_temple_of_storms
Sewer:    sewer_co_scattered_pipes

Skill      XL: |  1  2  3  4  5  6  7 |
---------------+----------------------+-----
Maces & Flails | 1 2 3 |  3.8
Dodging        | 2 3 |  3.4
Fighting       | 2 |  2.9
Evocations     | 4 |  4.8
Stealth        | 2 |  2.1
Spellcasting   | 1 |  1.4
Armour         | |  2.0

Action                     |  1- 3 |  4- 6 |  7- 9 || total
---------------------------+-------+-------+-------++-------
  Melee: Club              |   115 |   100 |       ||   215
         Punch             |       |     3 |     1 ||     4
         Mace              |       |    44 |    92 ||   136
  Evoke: Wand              |       |    31 |     4 ||    35
    Use: Potion            |       |       |     7 ||     7
   Stab: Sleeping          |       |     1 |       ||     1
 Armour: Leather armour    |    49 |    46 |    21 ||   116
  Dodge: Dodged            |    86 |   133 |    50 ||   269
